 Dungeon Crawl Stone Soup version 0.28.0-43-g3370ac3207 (webtiles) character file.

Game seed: 7520745777907361247

18 Galthrax the Chucker (level 2, -2/31 HPs)
             Began as an Ogre Hunter on Mar 26, 2022.
             Killed from afar by an orc wizard (6 damage)
             ... with a puff of flame
             ... on level 1 of the Dungeon.
             The game lasted 00:01:57 (1174 turns).

Galthrax the Chucker (Ogre Hunter)                  Turns: 1174, Time: 00:01:58

Health: -2/31      AC:  3    Str: 15    XL:     2   Next: 70%
Magic:  2/2        EV:  9    Int: 12    God:
Gold:   52         SH:  0    Dex:  9    Spells: 1/1 levels left

rFire   . . .      SeeInvis .   a - +0 short sword
rCold   . . .      Faith    .   (no shield)
rNeg    . . .      Spirit   .   b - +0 robe
rPois   .          Reflect  .   (helmet restricted)
rElec   .          Harm     .   (no cloak)
rCorr   .          Rampage  .   (gloves unavailable)
Will    .....                   (boots unavailable)
Stlth   +.........              (no amulet)
HPRegen 0.10/turn               (no ring)
MPRegen 0.08/turn               (no ring)

@: no status effects
A: large, unfitting armour, tough skin 1
a: no special abilities


You were on level 1 of the Dungeon.
You visited 1 branch of the dungeon, and saw 2 of its levels.

You collected 52 gold pieces.


Innate Abilities, Weirdness & Mutations

You are too large for most types of armour.
You have tough skin. (AC +1)


   Skills:
 + Level 3.5 Fighting
 + Level 4.3 Throwing
 - Level 1.7 Dodging
 - Level 0.6 Stealth


You had one spell level left.
You didn't know any spells.
Your spell library contained the following spells:

 Spells                   Type           Power      Damage    Failure   Level
 Apportation              Tloc           0%         N/A       32%         1

Inventory:

Hand Weapons
 a - a +0 short sword (weapon)
Missiles
 c - 5 large rocks (quivered) {=f}
 d - 2 throwing nets {=f!f}
 g - 34 stones
 k - 20 arrows
Armour
 b - a +0 robe (worn)
Potions
 e - a potion of haste {unknown}
 h - 2 potions of invisibility {unknown}
 i - a potion of heal wounds {unknown}

Dungeon Overview and Level Annotations

Branches:
Dungeon (2/15)

Altars:

Shops:
D:1

? #≈PP≈..# #.##
#..## #≈PP≈≈.#
#.# #.##
#≈≈PP≈.####.#
#.#
#.≈≈P≈P'....#
#.#
#<.≈P≈.###.##
#.# '..≈≈≈.# #.#
#.# #...≈≈≈# #.#
#.# #♣.<.≈≈# #.#
#{# #♣....≈# #.#
#@# #♣<...≈#
#.#####.#
#♣♣...≈#
#.##....# #
♣♣..≈###.##.####
####'##...##.#
#.##....####.#
##.####### #.#
....### #.#
##....### #.#


There were no monsters in sight!


Message History

The kobold hits you with a +0 short sword.
* * * LOW HITPOINT WARNING * * *
😨 HP[-2]
You take 2 damage, and now have 14/31 hp.
You hit the kobold.
You kill the kobold!
Things that are here:
a +0 short sword; a kobold corpse A frilled lizard comes into view. 😎 HP[+17]
Your hp is fully restored (31).
The frilled lizard hisses angrily.
Found 10 gold pieces.
Found a stone staircase leading up.
The frilled lizard completely misses you.
You miss the frilled lizard. The frilled lizard bites you. 😕 HP[-1]
You take 1 damage, and now have 30/31 hp.
You closely miss the frilled lizard.
The frilled lizard bites you but does no damage. 😎 HP[+1]
Your hp is fully restored (31).
You barely miss the frilled lizard. The frilled lizard barely misses you.
You miss the frilled lizard. The frilled lizard closely misses you.
The frilled lizard barely misses you.
You hit the frilled lizard.
You kill the frilled lizard!
No target in view!
No target in view!
Found a stone staircase leading up.
An orc comes into view. It is wielding a +0 short sword.
You see here 10 gold pieces.
An orc is nearby!
An orc wizard comes into view. It is wielding a +0 dagger.
The orc wizard shouts!
The orc shouts!
You hear a shout!
An orc and an orc wizard come into view.
The orc wizard shouts!
The orc shouts!
You hit the orc.
The orc wizard gestures wildly while chanting.
The orc wizard flickers and vanishes!
Deactivating autopickup; reactivate with Ctrl-A.
An orc comes into view. It is wielding a +0 flail.
The orc hits you but does no damage.
You see here 10 gold pieces.
The orc barely misses you.
There is a stone staircase leading up here.
Something hits you. The orc hits you but does no damage.
You climb upwards.
Reactivating autopickup.
There is a stone staircase leading down here. 😕 HP[-1]
You take 1 damage, and now have 30/31 hp.
You barely miss the orc. The orc completely misses you.
Something hits you but does no damage.
Deactivating autopickup; reactivate with Ctrl-A.
The orc closely misses you. Something hits you. 😕 HP[-4]
You take 4 damage, and now have 26/31 hp.
You hit the orc but do no damage. The orc hits you with a +0 short sword.
Something hits you but does no damage. 😮 HP[-3]
You take 3 damage, and now have 23/31 hp.
You are too injured to fight recklessly!
You are too injured to fight recklessly!
You are too injured to fight recklessly!
You barely miss the orc. The orc hits you with a +0 short sword.
Something hits you. 😮 HP[-4]
You take 4 damage, and now have 19/31 hp.
You barely miss the orc. The orc hits you with a +0 short sword.
* * * LOW HITPOINT WARNING * * *
You hear some strange, mumbled words.
You are confused. 😨 HP[-6]
You take 6 damage, and now have 13/31 hp.
You miss the orc. The orc hits you but does no damage.
Something hits you but does no damage. 😨 HP[+1]
You bump into the rock wall.
The orc hits you with a +0 short sword.
* * * LOW HITPOINT WARNING * * *
Something hits you but does no damage. 😨 HP[-3]
You take 3 damage, and now have 11/31 hp.
You hit the orc.
You kill the orc!
You hear some strange, mumbled words.
A magic dart appears from out of thin air!
The magic dart hits you!
* * * LOW HITPOINT WARNING * * *
😱 HP[-7]
You take 7 damage, and now have 4/31 hp.
MASSIVE DAMAGE!! (PAUSE)
Things that are here:
a +0 short sword; a +0 leather armour You bump into the rock wall.
You feel less confused.
You hear some strange, mumbled words.
A puff of flame appears from out of thin air!
The puff of flame hits you.
You die...

Skill      XL: |  1 |
---------------+----+-----
Fighting       | 3 |  3.5
Throwing       | |  4.3
Dodging        | |  1.7
Stealth        | |  0.6

Action                   || total
-------------------------++-------
Melee: Short sword       ||    65
Throw: Large rock        ||     1
  Use: Scroll            ||     2
 Stab: Sleeping          ||     1
Armor: Robe              ||    26
Dodge: Dodged            ||    36

Levels and vault maps discovered:
D:1:      tarquinn_simple_flora_water_c, layout_loops_ring, serial_shops, shop,
          shapermc_ecumenical_altar_rom_forum, minmay_misc_feat_more_columns,
          moated_statue
D:2:      layout_rooms, hangedman_feature_mirror

Notes
Turn   | Place    | Note
-------+----------+-------------------------------------------
     0 | D:1      | Galthrax the Ogre Hunter began the quest for the Orb.
     0 | D:1      | Reached XP level 1. HP: 22/22 MP: 1/1
     0 | D:1      | magus.rc [v1.11.3]
   262 | D:1      | Reached skill level 3 in Fighting
   314 | D:1      | Reached XP level 2. HP: 21/31 MP: 2/2
   561 | D:1      | Found Jistiod's Magic Scroll Emporium.
   696 | D:1      | Found a faded altar of an unknown god.
   736 | D:1      | Got Plato's Reference Book on the Traveller
  1172 | D:1      | HP: 4/31 [something/magic dart (7)]
  1174 | D:1      | Killed from afar by an orc wizard

Vanquished Creatures
  An orc (D:1)
  A bat (D:1)
  An endoplasm (D:1)
  A giant cockroach (D:2)
  A goblin (D:1)
  A hobgoblin (D:1)
  4 kobolds
  2 ball pythons (D:1)
  A frilled lizard (D:2)
  2 rats (D:1)
15 creatures vanquished.

Table legend:
 A = Non-vault XP
 B = Vault XP
 C = Vault XP percentage of total XP
 D = Non-vault monster count
 E = Vault monster count
 F = Vault count percentage of total count
                 A         B        C        D         E       F
            +---------+---------+-------+---------+---------+-------
      Total |      26 |       1 |   3.7 |      14 |       1 |   6.7
            +---------+---------+-------+---------+---------+-------
        D:1 |      20 |       0 |   0.0 |      11 |       0 |   0.0
        D:2 |       6 |       1 |  14.3 |       3 |       1 |  25.0
            +---------+---------+-------+---------+---------+-------

Illustrated notes

Table legend:
 A = Kills in this place as a percentage of kills in entire the game.
 B = Kills by you in this place as a percentage of kills by you in the entire game.
 C = Kills by friends in this place as a percentage of kills by friends in the entire game.
 D = Other kills in this place as a percentage of other kills in the entire game.
 E = Experience gained in this place as a percentage of experience gained in the entire game.
 F = Experience gained in this place divided by the number of levels of this place that you have seen.
                   A       B       C       D       E      F
               +-------+-------+-------+-------+-------+----------------------
         Total | 100.0 | 100.0 |   N/A |   N/A | 100.0 |  13.5
       Dungeon | 100.0 | 100.0 |   N/A |   N/A | 100.0 |  13.5
               +-------+-------+-------+-------+-------+----------------------

Table legend: (Time is in decaauts)
 A = Elapsed time spent in this place.
 B = Non-inter-level travel time spent in this place.
 C = Inter-level travel time spent in this place.
 D = Time resting spent in this place.
 E = Time spent auto-exploring this place.
 F = Levels seen in this place.
 G = Mean time per level.
                   A        B        C        D        E       F      G
               +--------+--------+--------+--------+--------+-----+--------+
         Total |   1182 |   1159 |     23 |      0 |   1004 |   2 |  591.0 |
       Dungeon |   1182 |   1159 |     23 |      0 |   1004 |   2 |  591.0 |
               +--------+--------+--------+--------+--------+-----+--------+

Top non-repeatable levels by time:
     D:1: 944 daAuts
     D:2: 238 daAuts
